 Dungeon Crawl Stone Soup version 0.27-a0-760-gc38aae387d (webtiles) character file.

Game seed: 18405194988675359436

3092 polve the Cleaver (level 9, -7/123 HPs)
             Began as a Hill Orc Berserker on Mar 24, 2021.
             Was a High Priest of Trog.
             Mangled by a death yak (16 damage)
             ... on level 8 of the Dungeon.
             The game lasted 00:07:03 (10407 turns).

polve the Cleaver (Hill Orc Berserker)             Turns: 10407, Time: 00:07:04

Health: -7/123     AC: 10    Str: 20    XL:     9   Next: 89%
Magic:  9/9        EV: 11    Int:  7    God:    Trog [*****.]
Gold:   367        SH:  0    Dex: 13    Spells: 8/8 levels left

rFire    . . .     SeeInvis .   j - +0 war axe
rCold    . . .     Faith    .   (no shield)
rNeg     . . .     Spirit   .   a - +0 ring mail
rPois    .         Reflect  .   g - +0 helmet
rElec    .         Harm     .   A - +0 cloak
rCorr    .         Rampage  .   l - +0 pair of gloves
Will     .....                  (no boots)
Stlth    ..........             (no amulet)
HPRegen  0.30/turn              (no ring)
MPRegen  0.11/turn              (no ring)

@: berserking, very quick
A: no striking features
a: Renounce Religion, Berserk, Trog's Hand, Brothers in Arms


You were on level 8 of the Dungeon.
You worshipped Trog.
Trog was extremely pleased with you.
You visited 1 branch of the dungeon, and saw 8 of its levels.

You collected 367 gold pieces.

Inventory:

Hand Weapons
 j - a +0 war axe (weapon)
Armour
 a - a +0 ring mail (worn)
 g - a +0 helmet (worn)
 l - a +0 pair of gloves (worn)
 A - a +0 cloak (worn)
Jewellery
 y - an amulet of magic regeneration
Wands
 o - a wand of mindburst (16)
 s - a wand of digging (5)
 w - a wand of flame (36)
 E - a wand of acid (9)
 F - a wand of random effects (5)
Scrolls
 b - 2 scrolls of noise {unknown}
 c - a scroll of torment {unknown}
 e - 2 scrolls of magic mapping {unknown}
 f - a scroll of amnesia {unknown}
 h - 2 scrolls of vulnerability {unknown}
 k - a scroll of summoning {unknown}
 p - 8 scrolls of identify {unknown}
 v - 4 scrolls of teleportation {unknown}
 x - 3 scrolls of enchant armour {unknown}
Potions
 d - 6 potions of flight {unknown}
 i - 2 potions of heal wounds {unknown}
 m - a potion of invisibility {unknown}
 n - 6 potions of curing
 q - a potion of might {unknown}
 r - a potion of brilliance {unknown}
 t - 2 potions of attraction {unknown}
 u - 2 potions of lignification {unknown}
 z - a potion of degeneration {unknown}
 B - 2 potions of cancellation {unknown}
 C - a potion of ambrosia {unknown}
 D - a potion of magic {unknown}


   Skills:
 + Level 8.9 Fighting
 * Level 12.6 Axes
 + Level 7.7 Armour
 - Level 1.5 Dodging


You had 8 spell levels left.
You didn't know any spells.
Your spell library was empty.

Dungeon Overview and Level Annotations

Branches:
Dungeon (8/15)             Temple (0/1) D:6            Lair (0/6) D:8

Altars:
Fedhas
Hepliaklqana
Kikubaaqudgha
Makhleb
Nemelex Xobeh
Ru
Sif Muna
Trog
Yredelemnul
Zin


Message History

The death yak is lightly wounded.
You barely miss the yak. You slash the yak! The yak gores you.
You hit the yak but do no damage.
The yak is moderately wounded.
You slash the yak! You slash the death yak! The yak barely misses you.
You barely miss the yak.
The yak is moderately wounded.
You hit the death yak. You hit the death yak but do no damage.
The yak gores you but does no damage. The death yak gores you.
The yak snorts and paws the ground. x2
The death yak gores you!!
A red film seems to cover your vision as you go berserk!
You feel yourself moving faster!
You feel mighty! The yak gores you. The death yak gores you.
You slash the yak!
The yak is severely wounded.
You slash the death yak! The yak gores you.
You barely miss the yak.
The yak is severely wounded.
You hit the death yak but do no damage.
The death yak snorts and paws the ground.
The death yak gores you but does no damage.
You slice the yak!!
You kill the yak!
Trog accepts your kill.
You barely miss the death yak. You slash the death yak!
The death yak is heavily wounded.
You hit the death yak. The death yak gores you!
* * * LOW HITPOINT WARNING * * *
You hit the death yak.
The death yak is heavily wounded.
You slash the death yak! The death yak gores you!
* * * LOW HITPOINT WARNING * * *
The death yak gores you!
* * * LOW HITPOINT WARNING * * *
You slash the death yak!
The death yak is severely wounded.
You barely miss the death yak. The death yak gores you!
You die...

#.# ##+##
#.# #.# #)#
#)# ### ###
#.# .. ....
#.# .#...
#.##Y.#..#.
#.@YYo.....
###YO.....>
#YY......
##.......
.......
.......
####.## .#


You could see 3 death yaks, a two-headed ogre, 3 yaks and an orc.

Vanquished Creatures
  Eustachio (D:6)
  A yak (D:8)
  A water moccasin (D:8)
  A necrophage (D:4)
  An ice beast (D:6)
  2 sky beasts
  2 black bears
  3 ogres
  3 phantoms
  Blork the orc (D:4)
  4 bullfrogs
  A wyvern zombie (D:4)
  2 water moccasin skeletons (D:5)
  2 scorpions
  3 wights (D:6)
  A bullfrog zombie (D:6)
  6 hounds
  A centaur zombie (D:7)
  2 jellies
  An orc priest (D:8)
  Crazy Yiuf (D:6)
  A bullfrog skeleton (D:5)
  A centaur skeleton (D:5)
  An iguana (D:6)
  5 orc wizards
  Natasha (thrice) (D:2)
  A worker ant (D:5)
  A killer bee zombie (D:5)
  A hound zombie (D:5)
  A hound skeleton (D:5)
  2 howler monkey zombies
  Robin (D:3)
  2 gnolls (D:5)
  5 river rats (D:5)
  5 adders
  A white imp (D:6)
  5 worms
  A dart slug (D:3)
  27 orcs
  4 endoplasms
  5 giant cockroaches
  13 goblins
  14 hobgoblins
  4 jackals (D:2)
  2 quokkas
  7 ball pythons
  5 bats
  2 frilled lizards
  13 kobolds
  9 rats
182 creatures vanquished.

Vanquished Creatures (others)
  44 plants (D:5)
44 creatures vanquished.

Grand Total: 226 creatures vanquished

Notes
Turn   | Place    | Note
-------+----------+-------------------------------------------
     0 | D:1      | polve the Hill Orc Berserker began the quest for the Orb.
     0 | D:1      | Reached XP level 1. HP: 19/19 MP: 1/1
   309 | D:1      | Reached XP level 2. HP: 15/27 MP: 2/2
  1628 | D:2      | Found a hazy altar of Hepliaklqana.
  1633 | D:2      | Reached XP level 3. HP: 32/33 MP: 3/3
  1726 | D:2      | Found a glowing silver altar of Zin.
  1726 | D:2      | Found a burning altar of Makhleb.
  1727 | D:2      | Noticed a blizzard demon
  1727 | D:2      | Noticed an angel
  1751 | D:2      | Found a sacrificial altar of Ru.
  1770 | D:2      | Noticed Natasha
  1778 | D:2      | Reached skill level 5 in Axes
  1781 | D:2      | Killed Natasha
  1781 | D:2      | Reached ** piety under Trog
  1782 | D:2      | Reached XP level 4. HP: 40/40 MP: 4/4
  1818 | D:2      | Found an ancient bone altar of Kikubaaqudgha.
  1938 | D:2      | Noticed Natasha
  1953 | D:2      | Killed Natasha
  2479 | D:2      | Noticed Natasha
  2496 | D:2      | Killed Natasha
  2497 | D:2      | Reached skill level 6 in Axes
  2497 | D:2      | Reached XP level 5. HP: 40/47 MP: 5/5
  2641 | D:2      | Found a bloodstained altar of Trog.
  3205 | D:3      | Reached *** piety under Trog
  3289 | D:3      | Found a sparkling altar of Nemelex Xobeh.
  3419 | D:3      | Noticed Robin
  3431 | D:3      | Killed Robin
  3825 | D:4      | Noticed Blork the orc
  3831 | D:4      | Killed Blork the orc
  3832 | D:4      | Reached skill level 5 in Fighting
  3832 | D:4      | Reached skill level 7 in Axes
  3832 | D:4      | Reached XP level 6. HP: 56/56 MP: 6/6
  4180 | D:4      | Noticed a necrophage
  4186 | D:4      | Killed a necrophage
  4187 | D:4      | Reached XP level 7. HP: 53/62 MP: 7/7
  4282 | D:4      | Reached skill level 8 in Axes
  4850 | D:5      | Entered Level 5 of the Dungeon
  4881 | D:5      | Found a sacrificial altar of Ru.
  4883 | D:5      | Reached **** piety under Trog
  4998 | D:5      | Reached skill level 5 in Armour
  5086 | D:5      | Reached skill level 9 in Axes
  5188 | D:5      | Reached XP level 8. HP: 50/71 MP: 8/8
  5765 | D:5      | Reached skill level 10 in Axes
  5924 | D:5      | Found a shimmering blue altar of Sif Muna.
  6925 | D:6      | Reached XP level 9. HP: 54/72 MP: 9/9
  7132 | D:6      | Reached skill level 11 in Axes
  7161 | D:6      | Found a staircase to the Ecumenical Temple.
  7178 | D:6      | Noticed Eustachio
  7385 | D:6      | Killed Eustachio
  7611 | D:6      | Reached ***** piety under Trog
  7903 | D:6      | Found a blossoming altar of Fedhas.
  8189 | D:6      | Found a basalt altar of Yredelemnul.
  8279 | D:6      | Found a runed translucent door.
  8280 | D:6      | Noticed Crazy Yiuf
  8286 | D:6      | Killed Crazy Yiuf
  8618 | D:7      | Reached skill level 12 in Axes
 10393 | D:8      | Noticed a death yak
 10393 | D:8      | Noticed a death yak
 10393 | D:8      | Noticed a death yak
 10394 | D:8      | Noticed a two-headed ogre
 10395 | D:8      | Found a staircase to the Lair.
 10407 | D:8      | Mangled by a death yak

Illustrated notes

Levels and vault maps discovered:
D:1:      psy_arrival_heroes, layout_basic
D:2:      layout_rooms, grunt_temple_overflow_order_and_chaos_2,
          nicolae_overflow_quartered_altars, grunt_ministairs_5, uniq_natasha
D:3:      layout_rooms, nemelex_xobeh_ov_fountains_minmay, grunt_ministairs_14,
          uniq_robin
D:4:      layout_loops_ring, uniq_blork_the_orc
D:5:      wad_woods_stonehenge, layout_cave_pods, marbit_many_paths,
          portal_sewer_entry_a, kennysheep_cross_room
D:6:      layout_rooms, kennysheep_mini, fedhas_altar_1,
          minmay_temple_entry_purple_smoke, uniq_crazy_yiuf_cottage,
          uniq_eustachio
D:7:      layout_layer_cave
D:8:      layout_loops_corners, dpeg_lair_monsters

Skill      XL: |  1  2  3  4  5  6  7  8  9 |
---------------+----------------------------+-----
Fighting       | 4 5 6 7 8 |  8.9
Axes           | 5 6 7 9 10 12 | 12.6
Armour         | 3 4 5 6 7 |  7.7
Dodging        | |  1.5

Action                   |  1- 3 |  4- 6 |  7- 9 || total
-------------------------+-------+-------+-------++-------
Melee: Hand axe          |    42 |       |       ||    42
       War axe           |    37 |   165 |   405 ||   607
Invok: Berserk           |     2 |     5 |     7 ||    14
Armor: Animal skin       |     9 |       |       ||     9
       Ring mail         |    25 |    67 |   215 ||   307
Dodge: Dodged            |    67 |    80 |   214 ||   361

Table legend: (Time is in decaauts)
 A = Elapsed time spent in this place.
 B = Non-inter-level travel time spent in this place.
 C = Inter-level travel time spent in this place.
 D = Time resting spent in this place.
 E = Time spent auto-exploring this place.
 F = Levels seen in this place.
 G = Mean time per level.
                   A        B        C        D        E       F      G
               +--------+--------+--------+--------+--------+-----+--------+
         Total |  10562 |  10270 |    292 |    237 |   8804 |   8 | 1320.2 |
       Dungeon |  10562 |  10270 |    292 |    237 |   8804 |   8 | 1320.2 |
               +--------+--------+--------+--------+--------+-----+--------+

Top non-repeatable levels by time:
     D:5: 1939 daAuts
     D:7: 1766 daAuts
     D:6: 1605 daAuts
     D:1: 1600 daAuts
     D:3: 1156 daAuts
     D:2: 1156 daAuts
     D:4: 1041 daAuts
     D:8: 295 daAuts
